 Dungeon Crawl Stone Soup version 0.22-a0-265-g0d8bc90 (webtiles) character file.

54997 tidbits the Martial Artist (level 14, -21/109 HPs)
             Began as a Gnoll Transmuter on Mar 6, 2018.
             Was a Priest of Cheibriados.
             Demolished by a deep elf blademaster
             ... wielding a +1 rapier of venom
              (27 damage)
             ... on level 3 of the Elven Halls.
             The game lasted 01:04:34 (4911 turns).

tidbits the Martial Artist (Gnoll Transmuter)       Turns: 4911, Time: 01:04:35

Health: -21/109    AC: 20    Str: 20    XL:     14   Next: 75%
Magic:  10/28      EV: 25    Int: 34    God:    Cheibriados [***...]
Gold:   225        SH:  0    Dex: 31    Spells: 12/34 levels left

rFire    . . .     SeeInvis +     - Unarmed
rCold    + . .     Gourm    .   (shield currently unavailable)
rNeg     . . .     Faith    .   B - +5 scale mail "Plog" {rPois MR- Int+7 SInv}
rPois    +         Spirit   .   E - +2 helmet
rElec    .         Reflect  .   C - +2 cloak {MR+}
rCorr    .         Harm     .   (gloves currently unavailable)
MR       ++...                  (no boots)
Stlth    +++++.....             m - amulet of magic regeneration
HPRegen  1.28/turn              H - ring of protection from magic
MPRegen  0.46/turn              l - ring of protection from cold

@: agile, lethally poisoned (-21 -> -21), about to teleport, blade hands,
regenerating, very slow
A: distributed training, fangs 1, strong nose
a: End Transformation, Bend Time, Temporal Distortion, Renounce Religion


You were on level 3 of the Elven Halls.
You worshipped Cheibriados.
Cheibriados was most pleased with you.
You were not hungry.
You had blades for hands.
You visited 4 branches of the dungeon, and saw 20 of its levels.

You collected 1840 gold pieces.
You spent 1615 gold pieces at shops.

Inventory:

Hand Weapons
 a - the +5 short sword "Wunum" {pierce, rN++ Dex-3}
   (You found it on level 4 of the Dungeon)

   It inflicts extra damage upon your enemies.
   It affects your dexterity (-3).
   It greatly protects you from negative energy.
 g - a +4 blowgun
 q - a +1 war axe of chopping
   (You subdued it on level 3 of the Elven Halls)
 s - the cursed +0 morningstar "Focwoaf" (melded) {pain, rPois Dex+4}
   (You took it off a deep elf death mage on level 3 of the Elven Halls)

   In the hands of one skilled in necromantic magic, it inflicts extra damage on
   living creatures.
   It affects your dexterity (+4).
   It protects you from poison.
   It has a curse placed upon it.
 v - a +0 shortbow
 Q - a +2 dagger of venom
   (You took it off an orc on level 9 of the Dungeon)
Missiles
 h - 83 stones
 t - 20 tomahawks (quivered)
 w - 13 curare-tipped needles
 J - 95 arrows
 R - 2 throwing nets {!f}
Armour
 B - the +5 scale mail "Plog" (worn) {rPois MR- Int+7 SInv}
   (You found it on level 11 of the Dungeon)

   It affects your intelligence (+7).
   It protects you from poison.
   It affects your resistance to hostile enchantments.
   It lets you see invisible.
 C - a +2 cloak of magic resistance (worn)
   (You took it off Maurice on level 9 of the Dungeon)
 E - a +2 helmet (worn)
 G - a +0 pair of gloves (melded)
 S - a +2 ring mail of magic resistance
   (You took it off Harold on level 1 of the Orcish Mines)
 U - a +2 robe of magic resistance
   (You took it off an orc sorcerer on level 2 of the Orcish Mines)
Magical Staves
 D - an uncursed staff of poison {unknown}
   (You found it on level 9 of the Dungeon)
Jewellery
 l - a ring of protection from cold (right scythe-like blade)
   (You found it on level 7 of the Dungeon)
 m - an amulet of magic regeneration (around neck)
   (You found it on level 2 of the Dungeon)
 x - an uncursed ring of ice
   (You found it on level 7 of the Dungeon)
 H - a ring of protection from magic (left scythe-like blade)
   (You found it on level 2 of the Dungeon)
Wands
 b - a wand of flame (39)
 d - a wand of digging (13)
 o - a wand of clouds (1)
 p - a wand of paralysis (9)
 z - a wand of disintegration (3)
 K - a wand of iceblast (2)
 Z - a wand of scattershot (3)
Scrolls
 f - 2 scrolls of immolation
 i - a scroll of fear {unknown}
 n - 5 scrolls of teleportation
 r - 3 scrolls of remove curse
 u - a scroll of noise
 y - a scroll of amnesia
 L - a scroll of fog
 O - a scroll of torment
 P - a scroll of holy word
 Y - a scroll of brand weapon {unknown}
Potions
 e - a potion of cancellation
 j - 2 potions of brilliance
 k - 2 potions of invisibility
 A - 4 potions of curing
 F - 3 potions of magic
 I - 3 potions of agility
 W - 2 potions of ambrosia
 X - 2 potions of flight
Comestibles
 c - 12 rations


   Skills:
 + Level 9.7 Fighting
 + Level 9.3 Short Blades
 + Level 9.3 Long Blades
 + Level 9.3 Axes
 + Level 9.3 Maces & Flails
 + Level 9.3 Polearms
 + Level 9.3 Staves
 + Level 9.3 Slings
 + Level 9.3 Bows
 + Level 9.3 Crossbows
 + Level 9.3 Throwing
 + Level 9.3 Armour
 + Level 10.3 Dodging
 + Level 9.3 Stealth
 + Level 9.3 Shields
 + Level 11.2 Unarmed Combat
 + Level 10.5 Spellcasting
 + Level 7.8 Conjurations
 + Level 7.8 Hexes
 + Level 7.8 Charms
 + Level 7.8 Summonings
 + Level 7.8 Necromancy
 + Level 7.8 Translocations
 + Level 8.7 Transmutations
 + Level 7.8 Fire Magic
 + Level 7.8 Ice Magic
 + Level 7.8 Air Magic
 + Level 7.8 Earth Magic
 + Level 7.8 Poison Magic
 + Level 10.1 Invocations
 + Level 9.3 Evocations


You had 12 spell levels left.
You knew the following spells:

 Your Spells              Type           Power        Failure   Level  Hunger
e - Beastly Appendage     Tmut           ######       8%          1    None
h - Blade Hands           Tmut           ######....   32%         5    ##.....
k - Sticks to Snakes      Tmut           ######..     10%         2    None
n - Animate Skeleton      Necr           N/A          10%         1    None
o - Ozocubu's Armour      Chrm/Ice       ######..     13%         3    None
p - Spider Form           Tmut/Pois      ######....   13%         3    None
r - Regeneration          Chrm/Necr      ######....   13%         3    None
N - Animate Dead          Necr           N/A          24%         4    None


Dungeon Overview and Level Annotations

Branches:
Dungeon (14/15)            Temple (1/1) D:6            Lair (0/6) D:10
    Orc (2/2) D:9             Elf (3/3) Orc:2
 Vaults: D:13-14

Altars:
Ashenzari
Cheibriados
Dithmenos
Gozag
Hepliaklqana
Kikubaaqudgha
Nemelex Xobeh
Okawaru
Qazlal
Wu Jian
Xom
The Shining One
Beogh

Shops:
D:7 (   D:9 *   D:10 (   Orc:2 !!?%   Elf:3 }=}


Innate Abilities, Weirdness & Mutations

Your experience applies equally to all skills.
You have very sharp teeth.
Your uncanny sense of smell can sniff out nearby items.


Message History

Press: ? - help, Shift-Dir - straight line, f - you The rock shatters into small pieces.
The ufetubus hits you but does no damage.
The ufetubus completely misses you. x3
The ufetubus completely misses you. x2
Casting: Regeneration (safe; 1% risk of failure)
Confirm with . or Enter, or press ? or * to list all spells.
Your skin crawls.
The ufetubus completely misses you. The ufetubus closely misses you.
The ufetubus hits you but does no damage.
The ufetubus completely misses you.
Casting: Regeneration (safe; 1% risk of failure)
Confirm with . or Enter, or press ? or * to list all spells.
Your hands turn into razor-sharp scythe blades.
The cursed +0 morningstar "Focwoaf" {pain, rPois Dex+4} melds into your body.
Your +0 pair of gloves melds into your body.
The ufetubus closely misses you. The ufetubus misses you.
You slash the ufetubus!
You kill the ufetubus!
What are your orders? t - Bark!
Orders for allies: a - Attack new target. r - Retreat! s - Stop attacking. g - Guard the area. f - Follow me.
Anything else - Cancel.
You bark for attention!
What are your orders? t - Bark!
Orders for allies: a - Attack new target. r - Retreat! s - Stop attacking. g - Guard the area. f - Follow me.
Anything else - Cancel.
You bark for attention!
Unknown command.
You catch the helpless deep elf death mage completely off-guard!
You shred the deep elf death mage!!!
The deep elf death mage is severely wounded.
The deep elf death mage gestures wildly while chanting.
You slice the deep elf death mage!!
You kill the deep elf death mage!
Cheibriados appreciates the change of pace.
What are your orders? t - Bark!
Orders for allies: a - Attack new target. r - Retreat! s - Stop attacking. g - Guard the area. f - Follow me.
Anything else - Cancel.
You bark for attention!
What are your orders? t - Bark!
Orders for allies: a - Attack new target. r - Retreat! s - Stop attacking. g - Guard the area. f - Follow me.
Anything else - Cancel.
You bark for attention!
You hear a shout!
Unknown command.
You miss the deep elf blademaster.
You bite the deep elf blademaster, but do no damage.
The deep elf blademaster drinks a potion.
The deep elf blademaster goes berserk!
Press: ? - help, v - describe, . - travel, g - get item
Here: a deep elf blademaster, wielding two rapiers of venom, wearing a glowing scale mail and wearing an iron ring (berserk, fast, unusually strong)
A long sword.
There is something else lying underneath.
The floor, spattered with blood.
The flow of time bends around you.
The deep elf blademaster resists with some effort.
You feel slightly more hungry.
The deep elf blademaster hits you but does no damage.
The deep elf blademaster misses you.
The deep elf blademaster hits you with a rapier of venom!!
* * * LOW HITPOINT WARNING * * *
You are poisoned.
The deep elf blademaster completely misses you.
You hear a shout!
Okay, then.
Unknown command.
As you read the scroll of teleportation, it crumbles to dust.
You feel strangely unstable.
You feel sick.
You hear a shout!
The deep elf blademaster closely misses you.
The deep elf blademaster hits you with a rapier of venom.
* * * LOW HITPOINT WARNING * * *
The deep elf blademaster hits you with a rapier of venom.
* * * LOW HITPOINT WARNING * * *
The deep elf blademaster completely misses you.
You hear a shout!
Unknown command.
You slice the deep elf blademaster!!
Your slash misses the deep elf blademaster.
Your bite misses the deep elf blademaster.
The deep elf blademaster is lightly wounded.
You feel sick.
You hear a shout!
The deep elf blademaster closely misses you.
The deep elf blademaster hits you with a rapier of venom!!
* * * LOW HITPOINT WARNING * * *
The deep elf blademaster closely misses you.
The deep elf blademaster hits you with a rapier of venom!!
You die...

*,...,*##.........###..[.#....
**#....#.....#....)#....##....
*#......)#####...[...##....8
#######.## ###########....
#.))## #.... #.(.)## ##...
#)).#.## #... *** ##)###e# ***
#### *,*** #)##@#.# ***,*
*,,,*** #3#.####**,,,*
*,,,,,*** #4## ***,,,,,*
*,*,,,,,***#e#***,,,,,*,*
*,*,,,,,,,*#e#*,,,,,,**,*
*,,,**,,,,,eee,,,,**,*,,* ##
*,,,,**,,,ee,e,,,***,,,,* ##.
*,,,,,*,,,,,,,,,,**,,,,,* ##).
*,,,,,,*,,,,,,,,,*,,,,,,* #...


You could see a deep elf blademaster (berserk).

Vanquished Creatures
  A deep elf blademaster (Elf:3)
  Frances (Elf:1)
  2 deep elf sorcerers
  A deep elf elementalist (Elf:3)
  2 deep elf annihilators (Elf:3)
  2 deep elf demonologists (Elf:3)
  5 deep elf death magi (Elf:3)
  Erolcha (Orc:2)
  2 deep elf high priests
  Harold (Orc:1)
  7 dancing weapons
  5 two-headed ogres
  4 orc high priests
  4 deep elf knights
  Sonja (Orc:2)
  2 unseen horrors
  4 deep elf archers
  18 deep elf magi
  4 orc knights (Orc:2)
  The ghost of tidbits the Insei, a novice GnTm (D:6)
  3 orc sorcerers (Orc:2)
  A cyclops (D:12)
  2 centaur zombies
  Maurice (D:9)
  3 trolls
  6 slime creatures
  A hippogriff (D:12)
  A hornet (D:12)
  A wyvern (D:5)
  A spriggan (shapeshifter) (Elf:2)
  2 air elementals
  A wraith (D:11)
  A hungry ghost (D:12)
  A vampire mosquito (D:11)
  3 wargs
  16 orc warriors
  2 ice beasts
  A black bear (D:12)
  3 ogres
  3 sky beasts
  2 phantoms
  An eye of draining (D:11)
  2 centaurs
  7 bullfrogs
  An earth elemental (Elf:3)
  3 scorpions
  17 killer bees
  4 wights (D:12)
  3 howler monkeys
  A bullfrog zombie (D:12)
  5 hounds
  7 jellies
  3 centaur skeletons
  13 orc priests
  3 bullfrog skeletons
  11 orc wizards
  2 iguanas
  5 worker ants
  A worker ant zombie (D:8)
  9 adders
  A shadow imp (D:6)
  2 adder skeletons
  A worm (D:3)
  A dart slug (D:1)
  2 leopard geckos
  49 orcs
  A ball python (D:2)
  2 goblins (D:1)
  A jackal (D:10)
  2 kobolds (D:1)
  A quokka (D:2)
  A ball python skeleton (D:4)
  6 bats
  3 frilled lizards
  A jackal skeleton (D:7)
  A leopard gecko zombie (D:6)
  A quokka skeleton (D:4)
  7 rats
304 creatures vanquished.

Vanquished Creatures (collateral kills)
  A centaur skeleton (D:10)
  A kobold demonologist (D:12)
  An orc warrior (D:9)
  2 ice beasts
  A black bear (D:6)
  A killer bee (D:5)
  A quasit (D:4)
  A bullfrog skeleton (D:10)
  An orc priest (D:7)
  An iguana (D:5)
  2 orcs
  3 jackals (D:10)
  A jackal skeleton (D:5)
17 creatures vanquished.

Vanquished Creatures (others)
  An orc wizard (Orc:2)
1 creature vanquished.

Grand Total: 322 creatures vanquished

Notes
Turn   | Place    | Note
-------+----------+-------------------------------------------
     0 | D:1      | tidbits the Gnoll Transmuter began the quest for the Orb.
     0 | D:1      | Reached XP level 1. HP: 17/17 MP: 6/6
    93 | D:1      | Reached XP level 2. HP: 23/23 MP: 7/7
    97 | D:1      | Learned a level 2 spell: Sticks to Snakes
   271 | D:2      | Reached XP level 3. HP: 20/28 MP: 7/9
   276 | D:2      | Learned a level 3 spell: Spider Form
   297 | D:2      | Reached skill level 5 in Spellcasting
   376 | D:3      | Reached skill level 1 in Invocations
   425 | D:4      | Found a shadowy altar of Dithmenos.
   466 | D:4      | Learned a level 3 spell: Ozocubu's Armour
   517 | D:5      | Entered Level 5 of the Dungeon
   525 | D:4      | HP: 2/28 [acid (5)]
   526 | D:4      | Reached skill level 1 in Short Blades
   526 | D:4      | Reached skill level 1 in Long Blades
   526 | D:4      | Reached skill level 1 in Axes
   526 | D:4      | Reached skill level 1 in Maces & Flails
   526 | D:4      | Reached skill level 1 in Polearms
   526 | D:4      | Reached skill level 1 in Staves
   526 | D:4      | Reached skill level 1 in Slings
   526 | D:4      | Reached skill level 1 in Bows
   526 | D:4      | Reached skill level 1 in Crossbows
   526 | D:4      | Reached skill level 1 in Throwing
   526 | D:4      | Reached skill level 1 in Armour
   526 | D:4      | Reached skill level 1 in Stealth
   526 | D:4      | Reached skill level 1 in Shields
   526 | D:4      | Reached skill level 1 in Evocations
   526 | D:4      | Reached XP level 4. HP: 3/34 MP: 7/11
   559 | D:4      | Learned a level 3 spell: Regeneration
   589 | D:4      | Reached skill level 1 in Conjurations
   589 | D:4      | Reached skill level 1 in Hexes
   589 | D:4      | Reached skill level 1 in Charms
   589 | D:4      | Reached skill level 1 in Summonings
   589 | D:4      | Reached skill level 1 in Necromancy
   589 | D:4      | Reached skill level 1 in Translocations
   589 | D:4      | Reached skill level 1 in Fire Magic
   589 | D:4      | Reached skill level 1 in Ice Magic
   589 | D:4      | Reached skill level 1 in Air Magic
   589 | D:4      | Reached skill level 1 in Earth Magic
   589 | D:4      | Reached skill level 1 in Poison Magic
   619 | D:4      | Reached XP level 5. HP: 29/40 MP: 7/12
   667 | D:4      | Got a dazzling short sword
   668 | D:4      | Identified the +5 short sword "Wunum" {pierce, rN++ Dex-3} (You found it on level 4 of the Dungeon)
   721 | D:5      | Noticed an ice beast
   729 | D:5      | Reached skill level 3 in Fighting
   729 | D:5      | Reached skill level 4 in Transmutations
   733 | D:5      | Killed an ice beast
   733 | D:5      | Reached skill level 2 in Invocations
   733 | D:5      | Reached XP level 6. HP: 38/47 MP: 10/13
   755 | D:5      | Found a shimmering altar of Xom.
   772 | D:5      | Reached skill level 2 in Short Blades
   772 | D:5      | Reached skill level 2 in Long Blades
   772 | D:5      | Reached skill level 2 in Axes
   772 | D:5      | Reached skill level 2 in Maces & Flails
   772 | D:5      | Reached skill level 2 in Polearms
   772 | D:5      | Reached skill level 2 in Staves
   772 | D:5      | Reached skill level 2 in Slings
   772 | D:5      | Reached skill level 2 in Bows
   772 | D:5      | Reached skill level 2 in Crossbows
   772 | D:5      | Reached skill level 2 in Throwing
   772 | D:5      | Reached skill level 2 in Armour
   772 | D:5      | Reached skill level 5 in Dodging
   772 | D:5      | Reached skill level 2 in Stealth
   772 | D:5      | Reached skill level 2 in Shields
   772 | D:5      | Reached skill level 2 in Evocations
   780 | D:5      | Reached XP level 7. HP: 34/52 MP: 15/15
   805 | D:5      | Noticed a wyvern
   814 | D:5      | Killed a wyvern
   814 | D:5      | Reached skill level 7 in Unarmed Combat
   814 | D:5      | Reached skill level 2 in Conjurations
   814 | D:5      | Reached skill level 2 in Hexes
   814 | D:5      | Reached skill level 2 in Charms
   814 | D:5      | Reached skill level 2 in Summonings
   814 | D:5      | Reached skill level 2 in Necromancy
   814 | D:5      | Reached skill level 2 in Translocations
   814 | D:5      | Reached skill level 2 in Fire Magic
   814 | D:5      | Reached skill level 2 in Ice Magic
   814 | D:5      | Reached skill level 2 in Air Magic
   814 | D:5      | Reached skill level 2 in Earth Magic
   814 | D:5      | Reached skill level 2 in Poison Magic
  1023 | D:5      | Reached skill level 3 in Invocations
  1043 | D:7      | Found an opulent altar of Gozag.
  1085 | D:7      | Found a sparkling altar of Nemelex Xobeh.
  1089 | D:7      | Reached XP level 8. HP: 50/60 MP: 14/16
  1135 | D:7      | Reached skill level 4 in Fighting
  1145 | D:7      | Reached skill level 3 in Short Blades
  1145 | D:7      | Reached skill level 3 in Long Blades
  1145 | D:7      | Reached skill level 3 in Axes
  1145 | D:7      | Reached skill level 3 in Maces & Flails
  1145 | D:7      | Reached skill level 3 in Polearms
  1145 | D:7      | Reached skill level 3 in Staves
  1145 | D:7      | Reached skill level 3 in Slings
  1145 | D:7      | Reached skill level 3 in Bows
  1145 | D:7      | Reached skill level 3 in Crossbows
  1145 | D:7      | Reached skill level 3 in Throwing
  1145 | D:7      | Reached skill level 3 in Armour
  1145 | D:7      | Reached skill level 3 in Stealth
  1145 | D:7      | Reached skill level 3 in Shields
  1145 | D:7      | Reached skill level 3 in Evocations
  1153 | D:7      | Found Teub's Weapon Shoppe.
  1200 | D:6      | Reached skill level 6 in Spellcasting
  1303 | D:6      | Found a staircase to the Ecumenical Temple.
  1304 | D:6      | Noticed a two-headed ogre
  1318 | D:6      | Killed a two-headed ogre
  1318 | D:6      | Reached skill level 4 in Short Blades
  1318 | D:6      | Reached skill level 4 in Long Blades
  1318 | D:6      | Reached skill level 4 in Axes
  1318 | D:6      | Reached skill level 4 in Maces & Flails
  1318 | D:6      | Reached skill level 4 in Polearms
  1318 | D:6      | Reached skill level 4 in Staves
  1318 | D:6      | Reached skill level 4 in Slings
  1318 | D:6      | Reached skill level 4 in Bows
  1318 | D:6      | Reached skill level 4 in Crossbows
  1318 | D:6      | Reached skill level 4 in Throwing
  1318 | D:6      | Reached skill level 4 in Armour
  1318 | D:6      | Reached skill level 6 in Dodging
  1318 | D:6      | Reached skill level 4 in Stealth
  1318 | D:6      | Reached skill level 4 in Shields
  1318 | D:6      | Reached skill level 3 in Conjurations
  1318 | D:6      | Reached skill level 3 in Hexes
  1318 | D:6      | Reached skill level 3 in Charms
  1318 | D:6      | Reached skill level 3 in Summonings
  1318 | D:6      | Reached skill level 3 in Necromancy
  1318 | D:6      | Reached skill level 3 in Translocations
  1318 | D:6      | Reached skill level 5 in Transmutations
  1318 | D:6      | Reached skill level 3 in Fire Magic
  1318 | D:6      | Reached skill level 3 in Ice Magic
  1318 | D:6      | Reached skill level 3 in Air Magic
  1318 | D:6      | Reached skill level 3 in Earth Magic
  1318 | D:6      | Reached skill level 3 in Poison Magic
  1318 | D:6      | Reached skill level 4 in Invocations
  1318 | D:6      | Reached skill level 4 in Evocations
  1318 | D:6      | Reached XP level 9. HP: 26/67 MP: 18/18
  1322 | Temple   | Entered the Ecumenical Temple
  1339 | Temple   | Became a worshipper of Cheibriados the Contemplative
  1392 | D:6      | Noticed tidbits's ghost (novice GnTm)
  1402 | D:5      | Learned a level 5 spell: Blade Hands
  1411 | D:6      | Killed tidbits's ghost
  1411 | D:6      | Reached skill level 5 in Fighting
  1433 | D:7      | Learned a level 1 spell: Animate Skeleton
  1496 | D:7      | Bought 18 arrows for 39 gold pieces
  1575 | D:7      | Reached skill level 8 in Unarmed Combat
  1678 | D:8      | Reached * piety under Cheibriados
  1678 | D:8      | Reached skill level 5 in Invocations
  1774 | D:9      | Noticed a two-headed ogre
  1799 | D:9      | Noticed Maurice
  1811 | D:9      | Killed a two-headed ogre
  1811 | D:9      | Reached skill level 7 in Spellcasting
  1811 | D:9      | Reached skill level 4 in Conjurations
  1811 | D:9      | Reached skill level 4 in Hexes
  1811 | D:9      | Reached skill level 4 in Charms
  1811 | D:9      | Reached skill level 4 in Summonings
  1811 | D:9      | Reached skill level 4 in Necromancy
  1811 | D:9      | Reached skill level 4 in Translocations
  1811 | D:9      | Reached skill level 4 in Fire Magic
  1811 | D:9      | Reached skill level 4 in Ice Magic
  1811 | D:9      | Reached skill level 4 in Air Magic
  1811 | D:9      | Reached skill level 4 in Earth Magic
  1811 | D:9      | Reached skill level 4 in Poison Magic
  1811 | D:9      | Reached XP level 10. HP: 75/75 MP: 12/20
  1818 | D:9      | Killed Maurice
  1818 | D:9      | Reached skill level 5 in Short Blades
  1818 | D:9      | Reached skill level 5 in Long Blades
  1818 | D:9      | Reached skill level 5 in Axes
  1818 | D:9      | Reached skill level 5 in Maces & Flails
  1818 | D:9      | Reached skill level 5 in Polearms
  1818 | D:9      | Reached skill level 5 in Staves
  1818 | D:9      | Reached skill level 5 in Slings
  1818 | D:9      | Reached skill level 5 in Bows
  1818 | D:9      | Reached skill level 5 in Crossbows
  1818 | D:9      | Reached skill level 5 in Throwing
  1818 | D:9      | Reached skill level 5 in Armour
  1818 | D:9      | Reached skill level 5 in Stealth
  1818 | D:9      | Reached skill level 5 in Shields
  1818 | D:9      | Reached skill level 5 in Evocations
  1977 | D:10     | Entered Level 10 of the Dungeon
  1990 | D:10     | Reached ** piety under Cheibriados
  2004 | D:10     | Reached skill level 7 in Dodging
  2017 | D:10     | Found a staircase to the Lair.
  2039 | D:10     | Reached skill level 6 in Fighting
  2211 | D:11     | Noticed a two-headed ogre
  2217 | D:11     | Killed a two-headed ogre
  2217 | D:11     | Reached skill level 6 in Transmutations
  2217 | D:11     | Reached skill level 6 in Invocations
  2246 | D:10     | Found Oschuejea's Antique Weapon Emporium.
  2265 | D:10     | Bought a runed blowgun for 165 gold pieces
  2275 | D:10     | Killed an unseen horror
  2275 | D:10     | Reached *** piety under Cheibriados
  2275 | D:10     | Reached XP level 11. HP: 37/83 MP: 22/22
  2312 | D:10     | Learned a level 4 spell: Animate Dead
  2353 | D:12     | Noticed a cyclops
  2503 | D:12     | Killed an unseen horror
  2503 | D:12     | Reached skill level 6 in Short Blades
  2503 | D:12     | Reached skill level 6 in Long Blades
  2503 | D:12     | Reached skill level 6 in Axes
  2503 | D:12     | Reached skill level 6 in Maces & Flails
  2503 | D:12     | Reached skill level 6 in Polearms
  2503 | D:12     | Reached skill level 6 in Staves
  2503 | D:12     | Reached skill level 6 in Slings
  2503 | D:12     | Reached skill level 6 in Bows
  2503 | D:12     | Reached skill level 6 in Crossbows
  2503 | D:12     | Reached skill level 6 in Throwing
  2503 | D:12     | Reached skill level 6 in Armour
  2503 | D:12     | Reached skill level 6 in Stealth
  2503 | D:12     | Reached skill level 6 in Shields
  2503 | D:12     | Reached skill level 9 in Unarmed Combat
  2503 | D:12     | Reached skill level 6 in Evocations
  2578 | D:11     | Reached skill level 5 in Conjurations
  2578 | D:11     | Reached skill level 5 in Hexes
  2578 | D:11     | Reached skill level 5 in Charms
  2578 | D:11     | Reached skill level 5 in Summonings
  2578 | D:11     | Reached skill level 5 in Necromancy
  2578 | D:11     | Reached skill level 5 in Translocations
  2578 | D:11     | Reached skill level 5 in Fire Magic
  2578 | D:11     | Reached skill level 5 in Ice Magic
  2578 | D:11     | Reached skill level 5 in Air Magic
  2578 | D:11     | Reached skill level 5 in Earth Magic
  2578 | D:11     | Reached skill level 5 in Poison Magic
  2605 | D:12     | Noticed a two-headed ogre
  2640 | D:11     | Reached skill level 8 in Spellcasting
  2801 | D:12     | Reached **** piety under Cheibriados
  2838 | D:13     | Noticed a centaur warrior
  2874 | D:12     | Noticed a two-headed ogre
  2883 | D:12     | Killed a two-headed ogre
  2883 | D:12     | Reached skill level 7 in Fighting
  2883 | D:12     | Reached skill level 8 in Dodging
  2883 | D:12     | Reached skill level 7 in Invocations
  3073 | D:12     | Killed a cyclops
  3135 | D:11     | Got a jewelled scale mail
  3146 | D:11     | Identified the +5 scale mail "Plog" {rPois MR- Int+7 SInv} (You found it on level 11 of the Dungeon)
  3223 | D:9      | Found Nebidwest's Assorted Antiques.
  3227 | D:9      | Bought a scroll labeled ROEPNO EMYDI for 27 gold pieces
  3227 | D:9      | Bought a scroll labeled TYENUYCKOC for 27 gold pieces
  3276 | D:9      | Found a roughly hewn altar of Beogh.
  3276 | D:9      | Found a staircase to the Orcish Mines.
  3277 | D:9      | Reached XP level 12. HP: 91/91 MP: 20/24
  3329 | Orc:1    | Entered Level 1 of the Orcish Mines
  3329 | Orc:1    | Noticed a two-headed ogre
  3338 | Orc:1    | Killed a two-headed ogre
  3346 | Orc:1    | Noticed Harold
  3354 | Orc:1    | Noticed an orc high priest
  3359 | Orc:1    | Noticed a sun demon
  3362 | Orc:1    | Killed Harold
  3362 | Orc:1    | Reached skill level 7 in Transmutations
  3364 | Orc:1    | Reached skill level 7 in Short Blades
  3364 | Orc:1    | Reached skill level 7 in Long Blades
  3364 | Orc:1    | Reached skill level 7 in Axes
  3364 | Orc:1    | Reached skill level 7 in Maces & Flails
  3364 | Orc:1    | Reached skill level 7 in Polearms
  3364 | Orc:1    | Reached skill level 7 in Staves
  3364 | Orc:1    | Reached skill level 7 in Slings
  3364 | Orc:1    | Reached skill level 7 in Bows
  3364 | Orc:1    | Reached skill level 7 in Crossbows
  3364 | Orc:1    | Reached skill level 7 in Throwing
  3364 | Orc:1    | Reached skill level 7 in Armour
  3364 | Orc:1    | Reached skill level 7 in Stealth
  3364 | Orc:1    | Reached skill level 7 in Shields
  3364 | Orc:1    | Reached skill level 7 in Evocations
  3370 | Orc:1    | Killed an orc high priest
  3370 | Orc:1    | Reached ***** piety under Cheibriados
  3578 | Orc:2    | Entered Level 2 of the Orcish Mines
  3619 | Orc:2    | Found a roughly hewn altar of Beogh.
  3645 | Orc:2    | Noticed Erolcha
  3648 | Orc:2    | Found a staircase to the Elven Halls.
  3652 | Orc:2    | Killed Erolcha
  3728 | Orc:2    | Noticed Sonja
  3736 | Orc:2    | Killed Sonja
  3736 | Orc:2    | Reached skill level 6 in Conjurations
  3736 | Orc:2    | Reached skill level 6 in Hexes
  3736 | Orc:2    | Reached skill level 6 in Charms
  3736 | Orc:2    | Reached skill level 6 in Summonings
  3736 | Orc:2    | Reached skill level 6 in Necromancy
  3736 | Orc:2    | Reached skill level 6 in Translocations
  3736 | Orc:2    | Reached skill level 6 in Fire Magic
  3736 | Orc:2    | Reached skill level 6 in Ice Magic
  3736 | Orc:2    | Reached skill level 6 in Air Magic
  3736 | Orc:2    | Reached skill level 6 in Earth Magic
  3736 | Orc:2    | Reached skill level 6 in Poison Magic
  3891 | Orc:2    | Reached skill level 8 in Invocations
  3921 | Orc:2    | Noticed an orc high priest
  3930 | Orc:2    | Killed an orc high priest
  3930 | Orc:2    | Reached skill level 9 in Spellcasting
  3945 | Orc:2    | Noticed an orc high priest
  3951 | Orc:2    | Noticed an orc high priest
  3951 | Orc:2    | Killed an orc high priest
  3962 | Orc:2    | Reached skill level 8 in Fighting
  3962 | Orc:2    | Reached skill level 10 in Unarmed Combat
  3962 | Orc:2    | Killed an orc high priest
  3962 | Orc:2    | Reached skill level 9 in Dodging
  3989 | Orc:2    | Reached XP level 13. HP: 64/98 MP: 20/26
  4009 | Orc:2    | Found Sic Yteu's Distillery.
  4009 | Orc:2    | Found Oxeufer's Distillery.
  4011 | Orc:2    | Found Hugox's Food Emporium.
  4011 | Orc:2    | Found Difinkett's Magic Scroll Boutique.
  4021 | Orc:2    | Bought a scroll of remove curse for 42 gold pieces
  4021 | Orc:2    | Bought 2 scrolls of random uselessness for 28 gold pieces
  4023 | Orc:2    | Bought a potion of curing for 42 gold pieces
  4023 | Orc:2    | Bought a potion of ambrosia for 112 gold pieces
  4023 | Orc:2    | Bought a potion of curing for 42 gold pieces
  4023 | Orc:2    | Bought a potion of ambrosia for 112 gold pieces
  4023 | Orc:2    | Bought a potion of magic for 112 gold pieces
  4023 | Orc:2    | Bought a potion of brilliance for 56 gold pieces
  4028 | Orc:2    | Bought a potion of agility for 68 gold pieces
  4028 | Orc:2    | Bought a potion of agility for 68 gold pieces
  4028 | Orc:2    | Bought a potion of flight for 51 gold pieces
  4084 | Elf:1    | Entered Level 1 of the Elven Halls
  4158 | Elf:1    | Noticed Frances
  4174 | Elf:1    | Killed Frances
  4174 | Elf:1    | Reached skill level 8 in Short Blades
  4174 | Elf:1    | Reached skill level 8 in Long Blades
  4174 | Elf:1    | Reached skill level 8 in Axes
  4174 | Elf:1    | Reached skill level 8 in Maces & Flails
  4174 | Elf:1    | Reached skill level 8 in Polearms
  4174 | Elf:1    | Reached skill level 8 in Staves
  4174 | Elf:1    | Reached skill level 8 in Slings
  4174 | Elf:1    | Reached skill level 8 in Bows
  4174 | Elf:1    | Reached skill level 8 in Crossbows
  4174 | Elf:1    | Reached skill level 8 in Throwing
  4174 | Elf:1    | Reached skill level 8 in Armour
  4174 | Elf:1    | Reached skill level 8 in Stealth
  4174 | Elf:1    | Reached skill level 8 in Shields
  4174 | Elf:1    | Reached skill level 8 in Evocations
  4243 | Elf:1    | Noticed a deep elf high priest
  4248 | Elf:1    | Killed a deep elf high priest
  4248 | Elf:1    | Reached skill level 9 in Invocations
  4305 | Elf:1    | Reached skill level 8 in Transmutations
  4372 | Elf:2    | Found an ancient bone altar of Kikubaaqudgha.
  4392 | Elf:2    | Noticed a deep elf sorcerer
  4402 | Elf:2    | Reached skill level 7 in Conjurations
  4402 | Elf:2    | Reached skill level 7 in Hexes
  4402 | Elf:2    | Reached skill level 7 in Charms
  4402 | Elf:2    | Reached skill level 7 in Summonings
  4402 | Elf:2    | Reached skill level 7 in Necromancy
  4402 | Elf:2    | Reached skill level 7 in Translocations
  4402 | Elf:2    | Reached skill level 7 in Fire Magic
  4402 | Elf:2    | Reached skill level 7 in Ice Magic
  4402 | Elf:2    | Reached skill level 7 in Air Magic
  4402 | Elf:2    | Reached skill level 7 in Earth Magic
  4402 | Elf:2    | Reached skill level 7 in Poison Magic
  4404 | Elf:2    | Killed a deep elf sorcerer
  4439 | Elf:2    | Reached skill level 9 in Fighting
  4479 | Elf:3    | Entered Level 3 of the Elven Halls
  4543 | Elf:3    | Reached skill level 10 in Spellcasting
  4557 | Elf:3    | Reached XP level 14. HP: 89/108 MP: 22/28
  4666 | Elf:3    | Reached skill level 10 in Dodging
  4709 | Elf:3    | Found Zuann's Gadget Boutique.
  4709 | Elf:3    | Found Eseiss's Jewellery Emporium.
  4710 | Elf:3    | Found Haerud Zoddu's Gadget Boutique.
  4723 | Elf:3    | Bought a wand of clouds (2) for 216 gold pieces
  4723 | Elf:3    | Bought a wand of digging (13) for 408 gold pieces
  4772 | Elf:3    | Noticed a deep elf demonologist
  4781 | Elf:3    | Killed a deep elf demonologist
  4794 | Elf:3    | Reached skill level 9 in Short Blades
  4794 | Elf:3    | Reached skill level 9 in Long Blades
  4794 | Elf:3    | Reached skill level 9 in Axes
  4794 | Elf:3    | Reached skill level 9 in Maces & Flails
  4794 | Elf:3    | Reached skill level 9 in Polearms
  4794 | Elf:3    | Reached skill level 9 in Staves
  4794 | Elf:3    | Reached skill level 9 in Slings
  4794 | Elf:3    | Reached skill level 9 in Bows
  4794 | Elf:3    | Reached skill level 9 in Crossbows
  4794 | Elf:3    | Reached skill level 9 in Throwing
  4794 | Elf:3    | Reached skill level 9 in Armour
  4794 | Elf:3    | Reached skill level 9 in Stealth
  4794 | Elf:3    | Reached skill level 9 in Shields
  4794 | Elf:3    | Reached skill level 11 in Unarmed Combat
  4794 | Elf:3    | Reached skill level 9 in Evocations
  4801 | Elf:3    | Noticed a deep elf blademaster
  4812 | Elf:3    | HP: 4/108 [deep elf blademaster/rapier (11)]
  4816 | Elf:3    | Killed a deep elf blademaster
  4856 | Elf:3    | Noticed a deep elf annihilator
  4865 | Elf:3    | Killed a deep elf annihilator
  4867 | Elf:3    | Got a smoking morningstar {pain}
  4869 | Elf:3    | Noticed a deep elf sorcerer
  4876 | Elf:3    | Noticed a deep elf elementalist
  4880 | Elf:3    | Killed a deep elf sorcerer
  4880 | Elf:3    | Reached skill level 10 in Invocations
  4883 | Elf:3    | Noticed a deep elf annihilator
  4886 | Elf:3    | Killed a deep elf elementalist
  4887 | Elf:3    | Noticed a deep elf demonologist
  4887 | Elf:3    | Noticed a deep elf demonologist
  4888 | Elf:3    | Noticed a deep elf demonologist
  4890 | Elf:3    | Killed a deep elf annihilator
  4891 | Elf:3    | Noticed a deep elf sorcerer
  4891 | Elf:3    | Identified the cursed +0 morningstar "Focwoaf" {pain, rPois Dex+4} (You took it off a deep elf death mage on level 3 of the Elven Halls)
  4892 | Elf:3    | Noticed a deep elf blademaster
  4893 | Elf:3    | Killed a deep elf demonologist
  4911 | Elf:3    | HP: 6/109 [deep elf blademaster/rapier of venom (33)]
  4911 | Elf:3    | Demolished by a deep elf blademaster

Vault maps used:
D:1:      giann_forest_graveyard, minmay_surrounded
D:2:      zin_academy, elyvilon_altar_3, minmay_split_cup_large
D:3:      palyth_stone_intersect, kennysheep_generic_room_13
D:4:      first_ration, nicolae_dithmenos_the_darkroom, uniq_eustachio
D:5:      brannock_xom_greatest_gift
D:6:      kiku_gazebo_pond_becter, lemuel_crystal_altar,
          minmay_temple_entry_nine_rooms, serial_shops, kennysheep_mini_moat
D:7:      overflow_temple_1_default, serial_shops, nicolae_shop_stone,
          st_stairs_1, nicolae_gozag_seed_capital
D:8:      basic_altar, uniq_pikel, uniq_prince_ribbit1, uniq_grum
D:9:      david_orc_5, serial_shops, shop, the_bakery, uniq_maurice
D:10:     lair_entry_dummy, serial_shops, nicolae_shop_stone
D:12:     nicolae_two_hexagons, spider_trap
D:13:     david_vaults_5, serial_shops, nicolae_shop_waterfront,
          minmay_statue_crystal_thing, uniq_josephine
D:14:     fedhas_altar_4, tgw_lugonu_bribe, uniq_nessos
Temple:   compressed_dpeg_circular_temple
Orc:1:    uniq_harold
Orc:2:    grunt_orc_tribal_feast, basic_altar, uniq_sonja, uniq_erolcha
Elf:1:    kennysheep_underground_church, uniq_nikola, uniq_frances
Elf:2:    basic_altar
Elf:3:    elf_hall, roderic_lattice_octagonal_star, minmay_shop_grove

Skill      XL: |  1  2  3  4  5  6  7  8  9 10 11 12 13 14 |
---------------+-------------------------------------------+-----
Spellcasting   | 5 6 7 8 9 10 | 10.5
Invocations    | 1 2 3 4 5 6 7 8 9 10 | 10.1
Short Blades   | 1 2 4 5 6 7 8 9 |  9.3
Long Blades    | 1 2 4 5 6 7 8 9 |  9.3
Axes           | 1 2 4 5 6 7 8 9 |  9.3
Maces & Flails | 1 2 4 5 6 7 8 9 |  9.3
Polearms       | 1 2 4 5 6 7 8 9 |  9.3
Staves         | 1 2 4 5 6 7 8 9 |  9.3
Slings         | 1 2 4 5 6 7 8 9 |  9.3
Bows           | 1 2 4 5 6 7 8 9 |  9.3
Crossbows      | 1 2 4 5 6 7 8 9 |  9.3
Throwing       | 1 2 4 5 6 7 8 9 |  9.3
Armour         | 1 2 4 5 6 7 8 9 |  9.3
Stealth        | 1 2 4 5 6 7 8 9 |  9.3
Shields        | 1 2 4 5 6 7 8 9 |  9.3
Evocations     | 1 2 4 5 6 7 8 9 |  9.3
Conjurations   | 1 2 3 4 5 6 7 |  7.8
Hexes          | 1 2 3 4 5 6 7 |  7.8
Charms         | 1 2 3 4 5 6 7 |  7.8
Summonings     | 1 2 3 4 5 6 7 |  7.8
Necromancy     | 1 2 3 4 5 6 7 |  7.8
Translocations | 1 2 3 4 5 6 7 |  7.8
Fire Magic     | 1 2 3 4 5 6 7 |  7.8
Ice Magic      | 1 2 3 4 5 6 7 |  7.8
Air Magic      | 1 2 3 4 5 6 7 |  7.8
Earth Magic    | 1 2 3 4 5 6 7 |  7.8
Poison Magic   | 1 2 3 4 5 6 7 |  7.8
Fighting       | 3 4 5 6 7 8 9 |  9.7
Transmutations | 4 5 6 7 8 |  8.7
Dodging        | 5 6 7 8 9 10 | 10.3
Unarmed Combat | 7 8 9 10 11 | 11.2

Action                   |  1- 3 |  4- 6 |  7- 9 | 10-12 | 13-15 || total
-------------------------+-------+-------+-------+-------+-------++-------
Melee: Unarmed           |    59 |    30 |   160 |   305 |   139 ||   693
       Kick              |     3 |       |       |       |       ||     3
       Headbutt          |     2 |       |       |     1 |       ||     3
       Bite              |     1 |       |     1 |    35 |    20 ||    57
       Punch             |     1 |       |       |    11 |     7 ||    19
       Short sword       |       |     4 |    12 |    41 |     8 ||    65
       Morningstar       |       |       |       |       |     2 ||     2
 Fire: Blowgun           |       |       |       |       |     4 ||     4
Throw: Stone             |       |       |       |     1 |       ||     1
       Tomahawk          |       |       |       |     8 |     2 ||    10
 Cast: Beastly Appendage |     8 |     1 |     1 |     3 |       ||    13
       Spider Form       |     5 |     4 |    19 |     8 |       ||    36
       Sticks to Snakes  |     1 |     3 |    23 |    10 |     1 ||    38
       Regeneration      |       |     3 |     6 |    22 |    24 ||    55
       Blade Hands       |       |       |     1 |    33 |    20 ||    54
       Animate Skeleton  |       |       |     1 |     5 |       ||     6
       Ozocubu's Armour  |       |       |     1 |     6 |       ||     7
       Animate Dead      |       |       |       |     1 |       ||     1
Invok: Slouch            |       |       |       |     4 |     6 ||    10
       Bend Time         |       |       |       |       |     2 ||     2
 Abil: End Transformatio |       |       |     1 |     6 |    13 ||    20
Evoke: Wand              |       |       |       |    16 |     9 ||    25
  Use: Scroll            |     3 |     1 |     5 |     5 |     9 ||    23
       Potion            |     1 |       |     6 |       |     3 ||    10
 Stab: Sleeping          |     2 |     3 |     4 |    10 |     7 ||    26
       Distracted        |       |       |     1 |     1 |     1 ||     3
       Paralysed         |       |       |       |     1 |       ||     1
  Eat: Chunk             |       |     1 |     4 |     4 |     1 ||    10
       Ration            |       |       |     1 |     2 |     1 ||     4
Armor: Robe              |     8 |       |     2 |    24 |       ||    34
       Skin              |     1 |     2 |     4 |    19 |       ||    26
       Scale mail        |       |       |       |    35 |    42 ||    77
Dodge: Dodged            |    42 |    41 |   143 |   303 |   116 ||   645

Table legend:
 A = Spawn XP
 B = Non-spawn XP
 C = Spawn XP percentage of total XP
 D = Spawn monster count
 E = Non-spawn monster count
 F = Spawn count percentage of total count
 G = Total turns spent on level
                    A         B        C        D         E        F      G
               +---------+---------+-------+---------+---------+-------+---------
         Total |       0 |   78568 |   0.0 |       0 |     321 |   0.0 |  4911
               +---------+---------+-------+---------+---------+-------+---------
           D:1 |       0 |      26 |   0.0 |       0 |      16 |   0.0 |   240
           D:2 |       0 |      24 |   0.0 |       0 |       8 |   0.0 |   123
           D:3 |       0 |      23 |   0.0 |       0 |       5 |   0.0 |    74
           D:4 |       0 |     139 |   0.0 |       0 |       7 |   0.0 |   291
           D:5 |       0 |     978 |   0.0 |       0 |      15 |   0.0 |   322
           D:6 |       0 |    2016 |   0.0 |       0 |      17 |   0.0 |   209
           D:7 |       0 |     694 |   0.0 |       0 |      14 |   0.0 |   318
           D:8 |       0 |     495 |   0.0 |       0 |       9 |   0.0 |   157
           D:9 |       0 |    2343 |   0.0 |       0 |      33 |   0.0 |   321
          D:10 |       0 |    2659 |   0.0 |       0 |      28 |   0.0 |   235
          D:11 |       0 |    2886 |   0.0 |       0 |      22 |   0.0 |   471
          D:12 |       0 |    6621 |   0.0 |       0 |      29 |   0.0 |   499
         Orc:1 |       0 |    4046 |   0.0 |       0 |      18 |   0.0 |   284
         Orc:2 |       0 |   10160 |   0.0 |       0 |      47 |   0.0 |   471
         Elf:1 |       0 |   14310 |   0.0 |       0 |      19 |   0.0 |   299
         Elf:2 |       0 |    4556 |   0.0 |       0 |       7 |   0.0 |   118
         Elf:3 |       0 |   26592 |   0.0 |       0 |      27 |   0.0 |   410
               +---------+---------+-------+---------+---------+-------+---------

Table legend:
 A = Turns spent in this place as a percentage of turns spent in the entire game.
 B = Non-inter-level travel turns spent in this place as a percentage of non-inter-level travel turns spent in the entire game.
 C = Inter-level travel turns spent in this place as a percentage of turns spent in this place.
 D = Turns resting spent in this place as a percentage of non-inter-level travel turns spent in this place.
 E = Turns spent auto-exploring this place as a percentage of non-inter-level travel turns spent in this place.
 F = Non-inter-level travel turns spent in this place divided by the number of levels of this place that you've seen.
                   A       B       C       D       E      F
               +-------+-------+-------+-------+-------+----------------------
         Total | 100.0 | 100.0 |   0.3 |   0.0 |   0.0 | 244.9
       Dungeon |  67.0 |  67.2 |   0.0 |   0.0 |   0.0 | 235.1
        Temple |   0.8 |   0.5 |  37.8 |   0.0 |   0.0 |  23.0
  Orcish Mines |  15.4 |  15.4 |   0.0 |   0.0 |   0.0 | 377.5
   Elven Halls |  16.8 |  16.9 |   0.0 |   0.0 |   0.0 | 275.7
               +-------+-------+-------+-------+-------+----------------------

Table legend:
 A = Kills in this place as a percentage of kills in entire the game.
 B = Kills by you in this place as a percentage of kills by you in the entire game.
 C = Kills by friends in this place as a percentage of kills by friends in the entire game.
 D = Other kills in this place as a percentage of other kills in the entire game.
 E = Experience gained in this place as a percentage of experience gained in the entire game.
 F = Experience gained in this place divided by the number of levels of this place that you have seen.
                   A       B       C       D       E      F
               +-------+-------+-------+-------+-------+----------------------
         Total | 100.0 | 100.0 | 100.0 |   N/A | 100.0 | 3928.4
       Dungeon |  63.2 |  61.2 | 100.0 |   N/A |  24.1 | 1350.3
  Orcish Mines |  20.2 |  21.4 |   0.0 |   N/A |  18.1 | 7103.0
   Elven Halls |  16.5 |  17.4 |   0.0 |   N/A |  57.9 | 15152.7
               +-------+-------+-------+-------+-------+----------------------

Vault maps used:
D:1:      giann_forest_graveyard, minmay_surrounded
D:2:      zin_academy, elyvilon_altar_3, minmay_split_cup_large
D:3:      palyth_stone_intersect, kennysheep_generic_room_13
D:4:      first_ration, nicolae_dithmenos_the_darkroom, uniq_eustachio
D:5:      brannock_xom_greatest_gift
D:6:      kiku_gazebo_pond_becter, lemuel_crystal_altar,
          minmay_temple_entry_nine_rooms, serial_shops, kennysheep_mini_moat
D:7:      overflow_temple_1_default, serial_shops, nicolae_shop_stone,
          st_stairs_1, nicolae_gozag_seed_capital
D:8:      basic_altar, uniq_pikel, uniq_prince_ribbit1, uniq_grum
D:9:      david_orc_5, serial_shops, shop, the_bakery, uniq_maurice
D:10:     lair_entry_dummy, serial_shops, nicolae_shop_stone
D:12:     nicolae_two_hexagons, spider_trap
D:13:     david_vaults_5, serial_shops, nicolae_shop_waterfront,
          minmay_statue_crystal_thing, uniq_josephine
D:14:     fedhas_altar_4, tgw_lugonu_bribe, uniq_nessos
Temple:   compressed_dpeg_circular_temple
Orc:1:    uniq_harold
Orc:2:    grunt_orc_tribal_feast, basic_altar, uniq_sonja, uniq_erolcha
Elf:1:    kennysheep_underground_church, uniq_nikola, uniq_frances
Elf:2:    basic_altar
Elf:3:    elf_hall, roderic_lattice_octagonal_star, minmay_shop_grove
